Map: Dusk Towers

Players

SirAspiC

  • Race: Terran Terran
  • League: Master

Miszu - Winner!

  • Race: Terran Terran
  • League: Master

VOD

Have the link to the VOD?

Description

Time

  • Played on: May 2, 2016, 10:30 a.m.
  • Length: 14:12
Show
View Real Time Build Order
Export as new Build Order

SirAspiC Terran 

Build Orders: Reaper Expand 

Get SALT Encoding   

  12  0:00  SCV  
  13  0:13  SCV  
  14  0:18  Supply Depot  
  14  0:25  SCV  
  15  0:39  SCV  
  16  0:43  Barracks  
  16  0:47  Refinery  
  16  0:51  SCV  
  17  1:03  SCV  
  18  1:15  SCV  
  19  1:30  Orbital Command  
  19  1:31  Reaper  
  20  1:44  Command Center  
  20  1:53  Supply Depot  
  20  1:56  SCV  
  21  2:05  Bunker, Barracks Reactor  
  21  2:09  SCV  
  22  2:23  SCV  
  22  2:26  Factory  
  23  2:35  SCV  
  24  2:42  Marine x2  
  26  2:47  SCV  
  26  2:50  Refinery  
  27  2:57  Orbital Command  
  27  2:59  SCV  
  27  3:00  Marine x2  
  30  3:11  SCV  
  31  3:15  Widow Mine  
  31  3:18  Starport  
  33  3:23  SCV  
  33  3:25  Supply Depot  
  33  3:26  SCV  
  35  3:28  Marine x2  
  37  3:35  SCV  
  38  3:46  Marine x2  
  40  3:55  Hellion  
  41  3:56  Medivac  
  41  3:58  SCV x2  
  45  4:04  Marine x2  
  45  4:05  Engineering Bay  
  47  4:13  SCV x2  
  47  4:16  Supply Depot  
  49  4:21  Marine  
  49  4:22  Marine  
  50  4:25  SCV  
  50  4:29  Viking  
  50  4:30  Factory Tech Lab  
  50  4:32  SCV  
  51  4:42  SCV  
  51  4:43  Missile Turret  
  51  4:45  SCV, Missile Turret  
  52  4:50  Marine x2, Siege Tank  
  52  4:51  Missile Turret  
  58  4:54  SCV  
  58  4:56  Supply Depot  
  58  4:58  SCV  
  60  5:06  SCV  
  61  5:10  SCV  
  61  5:12  Supply Depot  
  62  5:18  Viking  
  62  5:27  SCV  
  56  5:29  SCV  
  56  5:32  Marine  
  56  5:33  Marine  
  59  5:39  Command Center, SCV  
  58  5:50  SCV  
  58  5:51  SCV  
  58  5:56  Barracks  
  59  5:57  Barracks  
  59  6:02  Marine, SCV  
  59  6:03  Marine  
  59  6:04  Starport Reactor  
  62  6:06  Terran Infantry Weapons Level 1  
  62  6:07  SCV  
  63  6:14  SCV  
  64  6:19  SCV  
  64  6:20  Marine x2  
  64  6:23  Siege Tank  
  70  6:30  SCV  
  70  6:31  SCV  
  70  6:32  Refinery  
  72  6:37  Engineering Bay  
  72  6:38  Marine x2, Armory  
  74  6:42  SCV  
  74  6:43  SCV  
  75  6:52  Barracks Tech Lab x2  
  75  6:53  Orbital Command  
  75  6:54  SCV  
  75  6:55  SCV  
  75  6:59  Supply Depot  
  77  7:06  Barracks x2, SCV  
  77  7:08  SCV  
  79  7:14  Orbital Command  
  79  7:18  SCV, Combat Shields  
  79  7:19  Stimpack, Missile Turret  
  79  7:20  SCV  
  81  7:27  Marine  
  81  7:28  Marine x2  
  84  7:30  SCV  
  84  7:32  SCV  
  84  7:36  Marine, Refinery  
  87  7:42  SCV x2  
  89  7:45  Terran Infantry Armor Level 1  
  89  7:46  Marine x2  
  89  7:50  SCV  
  92  7:52  Supply Depot  
  92  7:54  Supply Depot  
  92  7:55  Supply Depot, Barracks Reactor x2  
  92  7:56  Marine  
  92  7:57  Siege Tank  
  92  7:58  Medivac x2  
  100  8:06  Missile Turret  
  100  8:09  Marine, Missile Turret  
  101  8:13  Marine x2  
  101  8:14  SCV x3  
  101  8:16  Supply Depot  
  106  8:20  Terran Infantry Weapons Level 2  
  106  8:24  Marine  
  106  8:26  Marine, SCV x2  
  109  8:31  Marine x2  
  112  8:36  Medivac, Siege Tank  
  112  8:37  Marine x3, Medivac  
  122  8:44  Marine  
  123  8:54  Marine x2  
  123  8:55  Marine  
  126  8:57  Marine x3  
  126  8:58  Marine  
  126  9:02  Marine  
  118  9:12  Marine x2  
  118  9:14  Marine  
  118  9:15  Marine, Medivac x2, Siege Tank  
  118  9:16  Marine x3  
  126  9:18  SCV  
  126  9:19  SCV x2  
  126  9:21  Refinery  
  126  9:23  Barracks  
  129  9:24  Barracks  
  129  9:29  Marine x2  
  129  9:31  SCV x2  
  133  9:37  Supply Depot  
  134  9:38  SCV  
  134  9:39  Marine x4  
  134  9:40  Marine  
  134  9:42  Supply Depot x2  
  134  9:43  SCV  
  134  9:44  Refinery, SCV  
  141  9:50  Factory  
  141  9:59  Marine x6, SCV  
  148  10:04  Terran Infantry Armor Level 2, Command Center  
  148  10:08  Siege Tank  
  151  10:14  Barracks Reactor x2  
  151  10:22  Supply Depot  
  151  10:23  Supply Depot  
  151  10:24  Supply Depot  
  151  10:26  Sensor Tower  
  151  10:29  Missile Turret  
  151  10:30  Marine  
  151  10:31  Marine  
  151  10:34  Viking  
  151  10:35  Viking, Factory Tech Lab  
  156  10:41  Marine  
  156  10:42  Marine x4  
  161  10:45  Siege Tank  
  161  10:48  Terran Infantry Weapons Level 3  
  161  10:49  Marine x2  
  164  11:06  Marine x2  
  137  11:15  Marine x2, Siege Tank  
  137  11:17  Siege Tank  
  137  11:18  Marine x4  
  116  11:19  Marine  
  116  11:20  Marine  
  116  11:21  Marine x2  
  116  11:23  Marine  
  116  11:25  Marine  
  125  11:33  Marine x2  
  125  11:36  Marine x5  
  125  11:38  Marine x2  
  125  11:39  Marine  
  135  11:40  Viking x2  
  135  11:41  Marine  
  135  11:43  Marine  
  141  11:47  Siege Tank  
  141  11:49  Siege Tank  
  141  11:50  Marine  
  141  11:51  Marine  
  141  11:53  Marine  
  141  11:54  Marine x4  
  152  12:03  Marine x5  
  157  12:08  Marine  
  157  12:10  Viking x2  
  157  12:12  Marine x2  
  157  12:13  Marine  
  139  12:31  Marine  
  139  12:32  Marine x3  
  139  12:33  Marine x2  
  139  12:35  Marine x3  
  139  12:36  Marine  
  140  12:57  Marine x2  
  140  12:58  Marine x3, Siege Tank x2  
  126  12:59  Marine  
  126  13:00  Marine  
  126  13:05  Marine  
  126  13:08  Marine x2  
  129  13:15  Marine x2  
  129  13:16  Marine  
  132  13:24  Marine x2  
  129  13:30  Siege Tank  
  129  13:32  Marine x4  
  131  13:36  Marine x3  
  131  13:38  Marine  
  133  13:42  Marine  
Show
View Real Time Build Order
Export as new Build Order

Miszu Terran - Winner!

Build Orders: 1/1/1, Bio Tank, Banshee Rush 

Get SALT Encoding   

  12  0:00  SCV  
  13  0:12  SCV  
  14  0:17  Supply Depot  
  14  0:31  SCV  
  15  0:38  Refinery  
  15  0:42  Barracks  
  15  0:44  SCV  
  16  0:52  Refinery  
  16  0:56  SCV  
  17  1:08  SCV  
  18  1:20  SCV  
  20  1:32  Factory  
  20  1:35  Orbital Command  
  20  1:41  Reaper  
  20  1:43  Supply Depot  
  20  2:00  SCV  
  21  2:13  Reaper, SCV  
  21  2:14  Supply Depot  
  23  2:17  Hellion  
  25  2:26  Starport  
  25  2:29  SCV  
  26  2:38  Hellion  
  28  2:45  Reaper  
  28  2:47  SCV  
  30  3:00  Hellion  
  30  3:04  Medivac  
  35  3:20  SCV  
  35  3:21  Barracks Tech Lab  
  35  3:22  Hellion  
  37  3:29  Command Center  
  37  3:35  Supply Depot  
  37  3:37  SCV  
  38  3:46  Factory Tech Lab  
  38  3:49  SCV  
  39  3:56  Cloaking Field  
  39  3:58  Banshee  
  39  4:01  SCV  
  43  4:13  SCV  
  44  4:26  SCV  
  43  4:34  Command Center  
  43  4:38  SCV  
  44  4:41  SCV  
  45  4:45  Banshee  
  45  4:50  SCV  
  45  4:51  Barracks Reactor  
  49  4:54  Orbital Command  
  49  5:02  SCV  
  49  5:14  SCV  
  50  5:25  SCV  
  50  5:26  SCV  
  46  5:36  Siege Tank  
  46  5:37  SCV  
  46  5:38  SCV  
  46  5:39  Barracks x2  
  46  5:40  Supply Depot, Starport Reactor  
  51  5:44  Marine x2, Refinery  
  51  5:45  Refinery  
  51  5:49  SCV  
  54  5:52  SCV  
  55  5:57  Orbital Command  
  55  6:02  SCV  
  56  6:06  SCV  
  56  6:10  Marine x2  
  59  6:14  SCV  
  59  6:15  Engineering Bay, Siege Tank  
  59  6:17  Engineering Bay  
  63  6:19  SCV  
  65  6:26  SCV  
  65  6:27  Orbital Command  
  65  6:28  Marine x2  
  65  6:31  SCV, Stimpack  
  68  6:35  Barracks Tech Lab, Barracks  
  68  6:36  Marine, Barracks  
  69  6:45  Marine  
  69  6:46  Marine  
  68  6:51  SCV x2  
  70  6:54  Marine  
  70  6:57  Terran Infantry Weapons Level 1, Terran Infantry Armor Level 1  
  70  6:59  Combat Shields  
  70  7:00  Siege Tank, SCV  
  70  7:01  Armory  
  75  7:03  Marine, SCV x2  
  75  7:04  Marine  
  75  7:07  Supply Depot  
  79  7:08  Supply Depot  
  79  7:10  Marine  
  79  7:12  Marine  
  79  7:13  SCV  
  79  7:14  Medivac  
  79  7:15  SCV  
  85  7:28  Marine, Medivac, SCV x3  
  85  7:29  Supply Depot  
  91  7:31  Supply Depot, Marine x2  
  91  7:32  Barracks Reactor x2  
  93  7:38  Siege Tank  
  93  7:40  SCV x3  
  99  7:44  Marine  
  99  7:50  Refinery x2  
  100  7:53  SCV x3  
  100  7:54  Supply Depot  
  100  7:56  Marine  
  100  7:57  Marine  
  105  8:05  Supply Depot, SCV x3  
  108  8:11  Marine  
  108  8:12  Siege Tank  
  112  8:13  Medivac x2  
  112  8:17  SCV  
  112  8:18  Marine x2  
  112  8:19  SCV  
  121  8:21  SCV  
  121  8:22  Factory  
  121  8:29  Supply Depot  
  121  8:30  Supply Depot  
  121  8:32  Marine x6  
  127  8:36  Marine x2  
  129  8:41  Sensor Tower  
  129  8:42  Sensor Tower  
  129  8:44  Siege Tank  
  129  8:47  Terran Vehicle Weapons Level 1  
  130  8:49  Marine, Medivac  
  130  8:50  Marine x2, Medivac  
  137  8:56  Supply Depot  
  137  8:57  Supply Depot  
  137  8:58  Supply Depot  
  119  9:14  Marine  
  119  9:15  Marine x7  
  119  9:17  Siege Tank  
  124  9:19  Medivac  
  124  9:20  Factory Tech Lab  
  124  9:23  Command Center  
  124  9:32  Marine  
  124  9:33  Marine x3  
  124  9:34  Terran Infantry Armor Level 2, Terran Infantry Weapons Level 2  
  128  9:39  Siege Tank  
  128  9:41  Medivac  
  128  9:42  Marine  
  128  9:43  Marine  
  135  9:45  Marine  
  135  9:46  Marine  
  135  9:49  Siege Tank  
  135  9:50  Marine  
  135  9:51  Marine  
  142  9:53  Marine  
  142  9:54  Marine  
  142  9:57  Medivac  
  146  10:03  Marine x3  
  146  10:04  Marine  
  149  10:08  Marine x2  
  149  10:11  Marine, Siege Tank  
  149  10:12  Marine  
  149  10:13  Medivac  
  158  10:19  Supply Depot x3  
  158  10:21  Marine x3, Siege Tank  
  162  10:22  Marine  
  162  10:26  Marine  
  162  10:27  Marine  
  167  10:33  Marine x2  
  169  10:38  Marine, Barracks  
  169  10:39  Marine x3, Barracks  
  169  10:41  Barracks  
  172  10:43  Medivac, Siege Tank  
  172  10:44  Marine  
  172  10:45  Marine  
  179  10:51  Marine x2  
  179  10:52  Medivac  
  179  10:53  Siege Tank  
  185  11:03  Missile Turret  
  159  11:13  Medivac  
  159  11:16  Marine  
  159  11:17  Marine x6  
  155  11:24  Command Center  
  154  11:33  Siege Tank  
  154  11:34  Siege Tank  
  160  11:44  Barracks Reactor x2  
  160  11:45  Barracks Reactor  
  162  11:52  Sensor Tower  
  159  12:05  Siege Tank  
  148  12:31  Marine  
  148  12:32  Marine x8  
  148  12:33  Medivac x2, Siege Tank  
  148  12:35  Marine  
  148  12:36  Marine x3  
  155  12:59  Marine  
  155  13:00  Marine x11  
  155  13:03  Siege Tank  
  155  13:05  Siege Tank  
  171  13:06  Marine  
  171  13:07  Marine  
  173  13:17  Marine x2  
  173  13:18  Marine x4  
  179  13:22  Marine  
  179  13:23  Marine x5  
  179  13:24  Marine  
  179  13:25  Marine  
  187  13:28  Planetary Fortress  
  185  13:35  Marine  
  186  13:45  Marine  
  181  13:50  Marine  
  181  13:51  Marine x11  
  181  13:53  Marine  
Tags
 
Add a new tag
Caveats
  • Supply blocks, unpowered buildings, or Contaminate may cause inaccurate times.
  • Supply counts are checked every 10 seconds.